AoeStats
← MZTK | GaboxNet .i.

Lombardia

509575221Analyzed
4v4 RM · 5d ago on Sep 27, 2026· 55m 6s· 8 players
Game mode
Random Map
Map size
Large (8 player)
Population
200
Speed
Normal
Resources
Standard
Victory
Conquest
Starting age
Dark Age
Ending age
Imperial Age
RankedLock teamsTeams togetherTeam positionsShared explorationLock speedFull tech treeHidden civsTurbo modeCheats
Victory
Defeat
🇦🇺 Koreans · Australia
1217
+14
🇪🇸 Dravidians · Spain
1189
+15
🇦🇷 Hindustanis · Argentina
1140
+17
🇳🇴 Persians · Norway
1070
+19
🇲🇽 Hindustanis · Mexico
1196
-18
🇲🇽 Mongols · Mexico
1178
-17
🇲🇽 Tatars · Mexico
1133
-15
🇲🇽 Magyars · Mexico
1128
-15
[Lw] MasterGace
10:30 Feudal Age
15:06 Castle Age
12:54 Double-Bit Axe
12:53 Horse Collar
15:51 Heavy Plow
22:38 Wheelbarrow
22:24 Bow Saw
24:31 Hand Cart
24:48 Gold Mining
26:30 Loom
29:34 Imperial Age
26:51 Town Watch
27:16 Scale Barding Armor
28:19 Bloodlines
28:10 Husbandry
28:31 Chain Barding Armor
28:39 Town Patrol
28:53 Forging
30:48 Iron Casting
30:58 Plate Barding Armor
29:50 Heavy Camel Rider
32:46 Blast Furnace
33:09 Two-Man Saw
31:56 Imperial Camel Rider
33:13 Stone Mining
34:42 Light Cavalry
36:08 Hussar
36:47 Siege Elephant
38:02 Caravan
39:33 Conscription
39:22 Grand Trunk Road
39:59 Hoardings
39:43 Masonry
39:40 Siege Engineers
40:36 Chemistry
39:47 Fortified Wall
42:12 Fletching
51:26 Bodkin Arrow
51:57 Ballistics
ChiMi..ChiMi
7:09 Loom
10:17 Feudal Age
10:51 Double-Bit Axe
10:59 Gold Mining
12:10 Horse Collar
18:49 Castle Age
16:50 Stone Mining
17:14 Town Watch
18:05 Wheelbarrow
17:24 Fletching
17:44 Padded Archer Armor
20:08 Bow Saw
20:02 Heavy Plow
23:08 Hand Cart
23:01 Town Patrol
27:29 Thumb Ring
31:41 Imperial Age
30:38 Husbandry
30:48 Medical Corps
33:45 Two-Man Saw
35:56 Chemistry
35:07 Fortified Wall
35:17 Ballistics
35:11 Fortified Wall
35:06 Elite Elephant Archer
36:37 Bodkin Arrow
36:58 Leather Archer Armor
37:42 Bracer
37:45 Caravan
39:42 Wootz Steel
39:45 Conscription
43:17 Ring Archer Armor
46:43 Murder Holes
47:10 Bombard Tower
48:42 Forging
48:37 Scale Barding Armor
48:26 Light Cavalry
49:54 Siege Elephant
51:42 Iron Casting
51:27 Chain Barding Armor
Sharion
2:46 Loom
11:27 Feudal Age
18:07 Castle Age
17:21 Double-Bit Axe
18:36 Bloodlines
18:42 Forging
18:35 Light Cavalry
22:21 Bow Saw
21:52 Horse Collar
23:19 Wheelbarrow
25:26 Gold Mining
26:25 Husbandry
28:15 Fervor
29:37 Heavy Plow
29:31 Stone Mining
32:24 Imperial Age
30:34 Hand Cart
30:04 Town Watch
32:14 Elite War Elephant
33:49 Stone Shaft Mining
34:44 Ballistics
35:41 Iron Casting
35:13 Scale Barding Armor
36:21 Conscription
37:19 Town Watch
38:35 Blast Furnace
37:56 Chain Barding Armor
39:09 Gold Shaft Mining
39:10 Murder Holes
39:13 Fletching
39:41 Crossbowman
41:06 Caravan
42:20 Two-Man Saw
43:06 Plate Barding Armor
43:20 Thumb Ring
43:22 Kamandaran
43:21 Bodkin Arrow
43:26 Padded Archer Armor
46:04 Crop Rotation
45:34 Cavalier
47:32 Savar
48:42 Leather Archer Armor
48:28 Scale Mail Armor
52:39 Chemistry
51:50 Masonry
52:40 Town Patrol
53:03 Chain Mail Armor
55:26 Block Printing
55:44 Plate Mail Armor
55:44 Ring Archer Armor
55:21 Squires
55:09 Arson
54:44 Pikeman
54:47 Man-at-Arms
55:13 Gambesons
54:51 Hussar
54:53 Heavy Camel Rider
55:47 Citadels
56:13 Architecture
55:34 Heated Shot
55:35 Guard Tower
Fuzzy
6:55 Loom
9:22 Feudal Age
10:32 Double-Bit Axe
13:57 Fletching
15:14 Horse Collar
18:25 Wheelbarrow
23:02 Castle Age
23:50 Bodkin Arrow
23:19 Crossbowman
24:04 Thumb Ring
26:04 Bow Saw
27:32 Heavy Plow
29:37 Hand Cart
33:59 Imperial Age
31:53 Ballistics
34:17 Arbalester
37:02 Two-Man Saw
36:56 Town Watch
37:21 Bracer
38:23 Chemistry
38:57 Arrowslits
39:25 Masonry
39:23 Caravan
45:46 Conscription
45:27 Eupseong
48:17 Siege Engineers
48:43 Architecture
MZTK | Puppet
5:07 Loom
12:09 Feudal Age
15:48 Castle Age
24:45 Double-Bit Axe
24:43 Horse Collar
24:55 Gold Mining
24:56 Stone Mining
25:42 Wheelbarrow
24:53 Town Watch
26:34 Bow Saw
26:25 Heavy Plow
27:03 Gold Shaft Mining
28:48 Hand Cart
30:54 Stone Shaft Mining
33:31 Imperial Age
31:02 Town Patrol
31:17 Forging
31:13 Scale Barding Armor
31:02 Fletching
33:39 Chain Barding Armor
33:55 Iron Casting
35:16 Chemistry
34:37 Ballistics
34:14 Heavy Camel Rider
34:55 Husbandry
35:05 Bloodlines
36:37 Plate Barding Armor
37:02 Blast Furnace
37:00 Imperial Camel Rider
43:58 Light Cavalry
_MZTK_SIRO_
7:52 Loom
9:59 Feudal Age
10:32 Double-Bit Axe
18:36 Castle Age
18:41 Fletching
18:51 Padded Archer Armor
22:55 Gold Mining
24:58 Gold Shaft Mining
25:48 Town Watch
27:30 Leather Archer Armor
28:12 Bodkin Arrow
31:14 Stone Mining
35:52 Bow Saw
36:43 Wheelbarrow
37:35 Crossbowman
40:17 Town Patrol
45:03 Elite Skirmisher
46:26 Horse Collar
50:12 Hand Cart
MZTK | GaboxNet .i.
5:02 Loom
10:43 Feudal Age
16:13 Castle Age
16:56 Double-Bit Axe
21:47 Wheelbarrow
21:44 Horse Collar
22:39 Bow Saw
23:08 Heavy Plow
28:07 Gold Mining
32:21 Imperial Age
31:14 Hand Cart
31:25 Stone Mining
31:58 Fletching
32:08 Padded Archer Armor
33:09 Bodkin Arrow
33:49 Ballistics
34:35 Gold Shaft Mining
34:35 Stone Shaft Mining
34:25 Bracer
34:41 Leather Archer Armor
35:29 Chemistry
35:32 Elite Mangudai
36:33 Conscription
37:02 Coinage
37:13 Bloodlines
37:03 Husbandry
37:31 Parthian Tactics
38:27 Drill
38:36 Scale Barding Armor
38:42 Forging
38:01 Light Cavalry
38:57 Heavy Scorpion
45:25 Hussar
46:58 Chain Barding Armor
47:21 Iron Casting
50:48 Blast Furnace
MZTK | KAAN EEK
5:29 Loom
10:35 Feudal Age
19:04 Castle Age
18:13 Fletching
18:24 Padded Archer Armor
19:27 Double-Bit Axe
20:21 Bow Saw
36:59 Imperial Age
35:08 Wheelbarrow
34:43 Corvinian Army
35:19 Ballistics
36:04 Husbandry
36:06 Bodkin Arrow
37:14 Gold Mining
37:18 Stone Mining
37:28 Town Watch
38:12 Parthian Tactics
38:39 Conscription
38:51 Hand Cart
39:34 Scale Barding Armor
41:07 Chemistry
40:44 Elite Magyar Huszar
42:25 Gold Shaft Mining
42:37 Chain Barding Armor
44:41 Hoardings
45:07 Murder Holes
44:46 Onager
46:43 Heavy Cavalry Archer
50:52 Bloodlines
50:06 Elite Skirmisher
52:09 Leather Archer Armor
54:08 Bracer
Connection lost

Rejoining the realm…

Still unreachable

The connection could not be restored.

Session expired

The server has moved on; the page needs a fresh start.